 Dungeon Crawl Stone Soup version 0.29-a0-653-gd47aff6735 (webtiles) character file.

Game seed: 1056622607429971494

123 zeratav the Shooter (level 4, -2/21 HPs)
             Began as a Spriggan Arcane Marksman on June 21, 2022.
             Killed by nerve-wracking pain
             ... invoked by Grinder
              (7 damage)
             ... while paralysed by Grinder
             ... on level 3 of the Dungeon.
             The game lasted 00:03:12 (2224 turns).

zeratav the Shooter (Spriggan Arcane Marksman)      Turns: 2224, Time: 00:03:13

Health: -2/21      AC:  2    Str:  6    XL:     4   Next: 80%
Magic:  7/7        EV:  4    Int: 14    God:
Gold:   69         SH:  0    Dex: 17    Spells: 4/5 levels left

rFire   . . .      SeeInvis +   a - +0 shortbow {bow}
rCold   . . .      Faith    .   (shield currently unavailable)
rNeg    . . .      Spirit   .   b - +0 robe
rPois   .          Reflect  .   (helmet restricted)
rElec   .          Harm     .   (no cloak)
rCorr   .          Rampage  .   (gloves unavailable)
Will    .....                   (boots unavailable)
Stlth   ++........              (no amulet)
HPRegen 0.07/turn               (no ring)
MPRegen 0.10/turn               (no ring)

@: paralysed, very quick
A: very small, no large weapons, unfitting armour, see invisible, speed 3
a: no special abilities


You were on level 3 of the Dungeon.
You visited 1 branch of the dungeon, and saw 3 of its levels.

You collected 69 gold pieces.


Innate Abilities, Weirdness & Mutations

You are very small and have problems with some larger weapons.
You are too small for most types of armour.
You have supernaturally acute eyesight. (SInv)
You cover ground extremely quickly. (Speed+++)


   Skills:
 - Level 0.7 Fighting
 + Level 6.1 Bows
 - Level 2.6 Dodging
 - Level 1.3 Spellcasting
 - Level 3.6 Hexes


You had 4 spell levels left.
You knew the following spells:

 Your Spells              Type           Power      Damage    Failure   Level
a - Slow                  Hex            44%        N/A       6%          1

Your spell library contained the following spells:

 Spells                   Type           Power      Damage    Failure   Level
 Confusing Touch          Hex            11%        N/A       17%         3
 Static Discharge         Conj/Air       0%         N/A       36%         2
 Inner Flame              Hex/Fire       6%         N/A       36%         3
 Portal Projectile        Hex/Tloc       12%        N/A       36%         3
 Cause Fear               Hex            5%         N/A       50%         4
 Vampiric Draining        Necr           0%         2d6       58%         3
 Lightning Bolt           Conj/Air       0%         1d11      100%        5
 Maxwell's Capacitive Co  Air            0%         ∞         100%        8

Inventory:

Hand Weapons
 a - a +0 shortbow (weapon) {bow}
Armour
 b - a +0 robe (worn)
Jewellery
 h - a ring of protection from cold
   (You found it on level 1 of the Dungeon)
Scrolls
 c - a scroll of vulnerability {!r!r}
 d - 2 scrolls of poison {unknown}
 e - a scroll of enchant weapon {unknown}
 g - a scroll of fog {unknown}
 j - a scroll of identify {unknown}
 k - a scroll of immolation {!r!r}
Potions
 f - a potion of heal wounds {unknown}
 i - a potion of mutation {unknown}
 l - a potion of might {unknown}

Dungeon Overview and Level Annotations

Branches:
Dungeon (3/15) Zot: 16340

Altars:
Kikubaaqudgha

Annotations:
D:3 Grinder

......$..............
.....................
#....................
#...................
#..................
#.................
#.......###.######
#.......###.#
#@5†...:....#
#...........#
###.........#
#........# #.......##
#......!# #.......#
.......


You could see Grinder.


Message History

Aim: an adder (46% to hit)
You shoot an arrow. The arrow hits the adder!
The adder closely misses you. The endoplasm completely misses you.
Grinder completely misses you. The adder misses you.
HP[+1] Shoot: a) +0 shortbow {bow}
Press: ? - help, Q - select action, (/) - cycle Shift-Dir - straight line, f - Grinder, p - adder
Aim: Grinder, carrying a wand of digging (6) (severely wounded, 60% to hit)
You shoot an arrow. The arrow closely misses Grinder.
The arrow closely misses the quokka.
The adder misses you. Grinder closely misses you.
The endoplasm barely misses you. The hobgoblin hits you.
The adder closely misses you.
HP[-5]
You take 5 damage, and now have 14/21 hp.
MASSIVE DAMAGE!! (PAUSE)
Found an ancient bone altar of Kikubaaqudgha.
Grinder blinks!
Shoot: a) +0 shortbow {bow}
Press: ? - help, Q - select action, (/) - cycle Shift-Dir - straight line, f/p - Grinder
Aim: Grinder, carrying a wand of digging (6) (severely wounded, 60% to hit)
You shoot an arrow. The arrow hits the hobgoblin.
You kill the hobgoblin!
The quokka closely misses you.
Grinder says, "Tell me all your secrets, or I'll kill you."
Grinder blinks!
Found a stone staircase leading up.
There is a stone staircase leading up here.
Shoot: a) +0 shortbow {bow}
Press: ? - help, Q - select action, (/) - cycle Shift-Dir - straight line, f - adder
Aim: an adder (severely wounded, 46% to hit)
You shoot an arrow. The arrow hits the adder!
You kill the adder!
HP[+1] Shoot: a) +0 shortbow {bow}
Press: ? - help, Q - select action, (/) - cycle Shift-Dir - straight line, f - quokka
Aim: a quokka (53% to hit)
You shoot an arrow. The arrow hits the quokka.
You kill the quokka!
Shoot: a) +0 shortbow {bow}
Press: ? - help, Q - select action, (/) - cycle Shift-Dir - straight line, f - endoplasm
Aim: an endoplasm (87% to hit)
You shoot an arrow. The arrow hits the endoplasm.
Shoot: a) +0 shortbow {bow}
Press: ? - help, Q - select action, (/) - cycle Shift-Dir - straight line, f/p - endoplasm
Aim: an endoplasm (moderately wounded, 87% to hit)
You shoot an arrow. The arrow hits the endoplasm.
Grinder zaps a wand.
Some rock shatters into small pieces.
Shoot: a) +0 shortbow {bow}
Press: ? - help, Q - select action, (/) - cycle Shift-Dir - straight line, f/p - endoplasm
Aim: an endoplasm (heavily wounded, 87% to hit)
You shoot an arrow. The arrow hits the endoplasm!
You kill the endoplasm!
Shoot: a) +0 shortbow {bow}
Press: ? - help, Q - select action, (/) - cycle Shift-Dir - straight line, f - Grinder
Aim: Grinder, carrying a wand of digging (5) (heavily wounded, 60% to hit)
You shoot an arrow.
The arrow hits Grinder but does no damage.
Shoot: a) +0 shortbow {bow}
Press: ? - help, Q - select action, (/) - cycle Shift-Dir - straight line, f/p - Grinder
Aim: Grinder, carrying a wand of digging (5) (heavily wounded, 60% to hit)
You shoot an arrow. The arrow closely misses Grinder.
Shoot: a) +0 shortbow {bow}
Press: ? - help, Q - select action, (/) - cycle Shift-Dir - straight line, f/p - Grinder
Aim: Grinder, carrying a wand of digging (5) (heavily wounded, 60% to hit)
You shoot an arrow. The arrow hits Grinder!
Grinder gestures at you.
You struggle to resist.
Shoot: a) +0 shortbow {bow}
Press: ? - help, Q - select action, (/) - cycle Shift-Dir - straight line, f/p - Grinder
Aim: Grinder, carrying a wand of digging (5) (severely wounded, 60% to hit)
You shoot an arrow. The arrow barely misses Grinder.
Grinder gestures at you. Pain shoots through your body!
Ouch! That really hurt!
* * * LOW HITPOINT WARNING * * *
HP[-11]
You take 11 damage, and now have 4/21 hp.
MASSIVE DAMAGE!! (PAUSE) Shoot: a) +0 shortbow {bow}
Press: ? - help, Q - select action, (/) - cycle Shift-Dir - straight line, f/p - Grinder
Aim: Grinder, carrying a wand of digging (5) (severely wounded, 60% to hit)
You shoot an arrow. The arrow closely misses Grinder.
Grinder gestures at you. You resist with some effort.
Shoot: a) +0 shortbow {bow}
Press: ? - help, Q - select action, (/) - cycle Shift-Dir - straight line, f/p - Grinder
Aim: Grinder, carrying a wand of digging (5) (severely wounded, 60% to hit)
You shoot an arrow. The arrow hits Grinder.
Shoot: a) +0 shortbow {bow}
Press: ? - help, Q - select action, (/) - cycle Shift-Dir - straight line, f/p - Grinder
Aim: Grinder, carrying a wand of digging (5) (almost dead, 60% to hit)
You shoot an arrow. The arrow hits Grinder.
HP[+1] Grinder gestures at you.
You suddenly lose the ability to move!
Grinder gestures at you. Pain shoots through your body!
You die...

Skill      XL: |  1  2  3  4 |
---------------+-------------+-----
Bows           | 3 4 5 6 |  6.1
Fighting       | |  0.7
Dodging        | |  2.6
Spellcasting   | |  1.3
Hexes          | |  3.6

Action                   |  1- 3 |  4- 6 || total
-------------------------+-------+-------++-------
 Fire: Shortbow          |    93 |    72 ||   165
 Cast: Slow              |     1 |     3 ||     4
Armor: Robe              |     1 |     1 ||     2
Dodge: Dodged            |    27 |    18 ||    45

Levels and vault maps discovered:
D:1:      dpeg_arrival_stone_temple_mockup, layout_basic
D:2:      layout_basic, hellmonk_ecumenical_altar_blasted, st_stairs_1,
          uniq_terence
D:3:      layout_basic, amcnicky_altar_gilded, nicolae_overflow_squiral,
          mainiacjoe_overflow_cross_hatched, uniq_grinder

Notes
Turn   | Place    | Note
-------+----------+-------------------------------------------
     0 | D:1      | zeratav the Spriggan Arcane Marksman began the quest for
                  | the Orb.
     0 | D:1      | Reached XP level 1. HP: 9/9 MP: 3/3
     0 | D:1      | magus.rc [v1.9.6]
    70 | D:1      | Reached skill level 3 in Bows
   315 | D:1      | Reached XP level 2. HP: 14/14 MP: 5/5
   352 | D:1      | You pick up a book of Lightning and begin reading...
   352 | D:1      | You add the spells Static Discharge, Lightning Bolt and
                  | Maxwell's Capacitive Coupling to your library.
   644 | D:1      | Reached skill level 4 in Bows
   974 | D:1      | You pick up a book of Debilitation and begin reading...
   974 | D:1      | You add the spells Vampiric Draining and Confusing Touch to
                  | your library.
  1314 | D:2      | Reached XP level 3. HP: 17/17 MP: 6/6
  1331 | D:2      | Reached skill level 5 in Bows
  1481 | D:2      | Found a faded altar of an unknown god.
  1504 | D:2      | Reached XP level 4. HP: 21/21 MP: 7/7
  1702 | D:2      | Noticed Terence
  1786 | D:2      | Killed Terence
  2178 | D:3      | Noticed Grinder
  2181 | D:3      | Reached skill level 6 in Bows
  2191 | D:3      | Found an ancient bone altar of Kikubaaqudgha.
  2218 | D:3      | HP: 4/21 [Grinder/nerve-wracking pain (11)]
  2222 | D:3      | Paralysed by Grinder for 3 turns
  2224 | D:3      | Killed from afar by Grinder

Vanquished Creatures
  Terence (D:2)
  3 gnolls (D:2)
  2 adders
  2 dart slugs (D:2)
  An orc (D:3)
  7 ball pythons
  2 endoplasms
  2 giant cockroaches (D:1)
  4 goblins
  4 hobgoblins
  7 kobolds
  A quokka (D:3)
  5 bats
  A frilled lizard (D:2)
  2 rats
44 creatures vanquished.

Table legend:
 A = Non-vault XP
 B = Vault XP
 C = Vault XP percentage of total XP
 D = Non-vault monster count
 E = Vault monster count
 F = Vault count percentage of total count
                 A         B        C        D         E       F
            +---------+---------+-------+---------+---------+-------
      Total |     136 |      41 |  23.2 |      41 |       3 |   6.8
            +---------+---------+-------+---------+---------+-------
        D:1 |      36 |       0 |   0.0 |      20 |       0 |   0.0
        D:2 |      78 |      41 |  34.5 |      16 |       3 |  15.8
        D:3 |      22 |       0 |   0.0 |       5 |       0 |   0.0
            +---------+---------+-------+---------+---------+-------

Illustrated notes

Table legend:
 A = Kills in this place as a percentage of kills in entire the game.
 B = Kills by you in this place as a percentage of kills by you in the entire game.
 C = Kills by friends in this place as a percentage of kills by friends in the entire game.
 D = Other kills in this place as a percentage of other kills in the entire game.
 E = Experience gained in this place as a percentage of experience gained in the entire game.
 F = Experience gained in this place divided by the number of levels of this place that you have seen.
                   A       B       C       D       E      F
               +-------+-------+-------+-------+-------+----------------------
         Total | 100.0 | 100.0 |   N/A |   N/A | 100.0 |  59.0
       Dungeon | 100.0 | 100.0 |   N/A |   N/A | 100.0 |  59.0
               +-------+-------+-------+-------+-------+----------------------

Table legend: (Time is in decaauts)
 A = Elapsed time spent in this place.
 B = Non-inter-level travel time spent in this place.
 C = Inter-level travel time spent in this place.
 D = Time resting spent in this place.
 E = Time spent auto-exploring this place.
 F = Levels seen in this place.
 G = Mean time per level.
                   A        B        C        D        E       F      G
               +--------+--------+--------+--------+--------+-----+--------+
         Total |   1658 |   1627 |     31 |      0 |   1302 |   3 |  552.7 |
       Dungeon |   1658 |   1627 |     31 |      0 |   1302 |   3 |  552.7 |
               +--------+--------+--------+--------+--------+-----+--------+

Top non-repeatable levels by time:
     D:1: 975 daAuts
     D:2: 640 daAuts
     D:3: 42 daAuts
